 Dungeon Crawl Stone Soup version 0.28-a0-793-g31680bbd8b (webtiles) character file.

Game seed: 7225637909946447985

521 frimble the Ruffian (level 7, -2/102 HPs)
             Began as a Troll Warper on Nov 4, 2021.
             Slain by a gnoll (6 damage)
             ... on level 4 of the Dungeon.
             The game lasted 00:02:24 (2492 turns).

frimble the Ruffian (Troll Warper)                  Turns: 2492, Time: 00:02:25

Health: -2/102     AC: 14    Str: 20    XL:     7   Next: 1%
Magic:  4/7        EV:  6    Int: 11    God:
Gold:   146        SH:  0    Dex:  9    Spells: 6/8 levels left

rFire   . . .      SeeInvis .     - Unarmed
rCold   . . .      Faith    .   (no shield)
rNeg    . . .      Spirit   .   f - +1 storm dragon scales
rPois   .          Reflect  .   (helmet restricted)
rElec   +          Harm     .   (no cloak)
rCorr   .          Rampage  .   (gloves unavailable)
Will    .....                   (boots unavailable)
Stlth   ..........              (no amulet)
HPRegen 1.27/turn               (no ring)
MPRegen 0.10/turn               (no ring)

@: berserking (expiring), lit by a corona, very slightly contaminated, glowing,
very quick
A: large, unfitting armour, claws 3, regeneration 1, shaggy fur 1, tough skin 1
a: no special abilities


You were on level 4 of the Dungeon.
You visited 1 branch of the dungeon, and saw 4 of its levels.

You collected 146 gold pieces.

Inventory:

Missiles
 c - 5 boomerangs of dispersal (quivered)
 e - 3 boomerangs
 g - a throwing net
Armour
 f - +1 storm dragon scales (worn)
Scrolls
 b - 2 scrolls of blinking
Potions
 a - a potion of invisibility {unknown}
 h - a potion of curing {unknown}


   Skills:
 + Level 3.8 Fighting
 - Level 0.8 Throwing
 + Level 3.1 Armour
 - Level 1.9 Dodging
 + Level 4.6 Unarmed Combat
 - Level 1.2 Spellcasting
 - Level 2.4 Translocations


You had 6 spell levels left.
You knew the following spells:

 Your Spells              Type           Power      Damage    Failure   Level
a - Blink                 Tloc           12%        N/A       88%         2

Your spell library contained the following spells:

 Spells                   Type           Power      Damage    Failure   Level
 Beastly Appendage        Tmut           0%         N/A       98%         1
 Gell's Gravitas          Tloc           6%         N/A       98%         3
 Lesser Beckoning         Tloc           6%         N/A       98%         3
 Teleport Other           Tloc           6%         N/A       98%         3
 Static Discharge         Conj/Air       0%         N/A       99%         2
 Wereblood                Tmut           0%         N/A       99%         2
 Spider Form              Tmut/Pois      0%         N/A       100%        3
 Dispel Undead            Necr           0%         3d6       100%        4
 Sticky Flame             Conj/Fire      0%         2d3       100%        4
 Manifold Assault         Tloc           6%         N/A       100%        5


Dungeon Overview and Level Annotations

Branches:
Dungeon (4/15)
 Temple: D:4-7

Altars:
Dithmenos
Okawaru
Sif Muna
Uskayaw

Annotations:
D:3 3 runed translucent doors, ytrimaz's ghost, amateur DsNe


Innate Abilities, Weirdness & Mutations

You are too large for most types of armour.
You have claws for hands.
Your natural rate of healing is unusually fast.
You are covered in fur. (AC +1)
You have tough skin. (AC +1)


Message History

The gnoll hits you from afar with a +0 halberd.
* * * LOW HITPOINT WARNING * * *
The adder skeleton bites you but does no damage.
You scratch the gnoll.
The gnoll is severely wounded.
The gnoll hits you but does no damage.
You scratch the adder skeleton.
The adder skeleton is heavily damaged.
The gnoll shaman barely misses you. The adder skeleton barely misses you.
The gnoll barely misses you. The gnoll hits you with a +0 club.
* * * LOW HITPOINT WARNING * * *
You completely miss the adder skeleton.
The adder skeleton is heavily damaged.
The gnoll hits you but does no damage.
The gnoll shaman calls upon its god to heal the gnoll.
The gnoll is healed somewhat.
You scratch the adder skeleton.
The adder skeleton is severely damaged.
The adder skeleton barely misses you.
The gnoll hits you from afar with a +0 halberd.
* * * LOW HITPOINT WARNING * * *
The gnoll hits you but does no damage.
You closely miss the adder skeleton.
The adder skeleton is severely damaged.
The gnoll hits you but does no damage.
The gnoll shaman hits you but does no damage.
The adder skeleton bites you but does no damage.
You scratch the adder skeleton.
You destroy the adder skeleton!
The gnoll hits you from afar with a +0 halberd.
* * * LOW HITPOINT WARNING * * *
The gnoll hits you with a +0 club.
* * * LOW HITPOINT WARNING * * *
The gnoll hits you but does no damage.
You mangle the gnoll shaman!!
The gnoll shaman is almost dead.
The gnoll shaman calls down the wrath of its god upon you.
You are outlined in light.
The gnoll hits you from afar with a +0 halberd.
You die...

##.## #.# .# #.# ###
.#### ##'## #.......#
##...## #.#.....#
##.....## #.#.....#
#.......## #.......#
###.........####ggg....#
..+.>.......'..g@.......
.##.........####.......#
.###.......## ##.##.###
.# ##.....## ## # .#
##...## .# ##+# .## #.#
..# #.# #.#####.######


You could see a gnoll shaman and 3 gnolls.

Vanquished Creatures
  A black bear (D:4)
  Blork the orc (D:4)
  A scorpion (D:4)
  2 orc priests
  A hound (D:4)
  3 orc wizards
  3 gnolls (D:4)
  3 adders (D:2)
  An adder skeleton (D:4)
  A worm (D:3)
  2 dart slugs
  16 orcs
  5 ball pythons
  6 bats
  2 endoplasms
  4 giant cockroaches
  4 goblins
  2 hobgoblins
  7 jackals
  4 quokkas
  A frilled lizard (D:1)
  7 kobolds
  2 rats (D:2)
79 creatures vanquished.

Notes
Turn   | Place    | Note
-------+----------+-------------------------------------------
     0 | D:1      | frimble the Troll Warper began the quest for the Orb.
     0 | D:1      | Reached XP level 1. HP: 19/19 MP: 1/1
   148 | D:1      | Reached XP level 2. HP: 28/28 MP: 2/2
   523 | D:2      | Reached XP level 3. HP: 30/35 MP: 3/3
   629 | D:2      | Reached skill level 1 in Armour
   629 | D:2      | Reached XP level 4. HP: 42/44 MP: 4/4
   640 | D:2      | Reached skill level 3 in Unarmed Combat
  1034 | D:3      | Reached XP level 5. HP: 48/50 MP: 5/5
  1311 | D:3      | Learned a level 2 spell: Blink
  1331 | D:3      | Found a runed translucent gate.
  1332 | D:3      | Found a runed translucent gate.
  1332 | D:3      | Found a runed translucent gate.
  1346 | D:3      | Noticed ytrimaz's ghost (amateur DsNe)
  1598 | D:3      | Found an iron altar of Okawaru.
  1599 | D:3      | Found a hide-covered altar of Uskayaw.
  1616 | D:3      | Found a faded altar of an unknown god.
  2295 | D:4      | Reached XP level 6. HP: 61/61 MP: 6/6
  2306 | D:4      | Noticed Blork the orc
  2315 | D:4      | Killed Blork the orc
  2316 | D:4      | Reached skill level 4 in Unarmed Combat
  2400 | D:4      | Found a shimmering blue altar of Sif Muna.
  2404 | D:4      | Found a shadowy altar of Dithmenos.
  2482 | D:4      | Reached XP level 7. HP: 29/68 MP: 4/7
  2491 | D:4      | HP: 4/102 [gnoll (5)]
  2492 | D:4      | Slain by a gnoll

Illustrated notes

Levels and vault maps discovered:
D:1:      dpeg_arrival_tiny_a, layout_basic, corexii_item_surrounded_by_moat
D:2:      layout_rooms
D:3:      layout_basic, mainiacjoe_overflow_divided_tiny,
          hellmonk_ecumenical_altar_pennies_from_heaven,
          gammafunk_ghost_necromancy
D:4:      layout_loops_corners, lemuel_tele_altar, grunt_temple_overflow_open,
          uniq_blork_the_orc, uniq_pikel

Skill      XL: |  1  2  3  4  5  6 |
---------------+-------------------+-----
Fighting       | 2 3 |  3.8
Armour         | 1 2 3 |  3.1
Unarmed Combat | 3 4 |  4.6
Throwing       | |  0.8
Dodging        | |  1.9
Spellcasting   | |  1.2
Translocations | |  2.4

Action                   |  1- 3 |  4- 6 |  7- 9 || total
-------------------------+-------+-------+-------++-------
Melee: Unarmed           |    69 |   196 |    10 ||   275
       Punch             |       |     2 |       ||     2
  Use: Scroll            |       |     6 |       ||     6
       Potion            |       |       |     1 ||     1
Armor: Robe              |    20 |       |       ||    20
       Storm dragon scal |    36 |   185 |    12 ||   233
Dodge: Dodged            |    27 |    74 |     8 ||   109

Table legend: (Time is in decaauts)
 A = Elapsed time spent in this place.
 B = Non-inter-level travel time spent in this place.
 C = Inter-level travel time spent in this place.
 D = Time resting spent in this place.
 E = Time spent auto-exploring this place.
 F = Levels seen in this place.
 G = Mean time per level.
                   A        B        C        D        E       F      G
               +--------+--------+--------+--------+--------+-----+--------+
         Total |   2474 |   2375 |     99 |      0 |   1850 |   4 |  618.5 |
       Dungeon |   2474 |   2375 |     99 |      0 |   1850 |   4 |  618.5 |
               +--------+--------+--------+--------+--------+-----+--------+

Top non-repeatable levels by time:
     D:3: 1267 daAuts
     D:1: 509 daAuts
     D:2: 494 daAuts
     D:4: 203 daAuts
